Map: Oceanborn LE

Players

Archimonde - Winner!

  • Race: Protoss Protoss
  • League: Bronze
  • Spawn Location: 11:00

demzi

  • Race: Zerg Zerg
  • League: Silver
  • Spawn Location: 5:00

VOD

Have the link to the VOD?

Description

Time

  • Played on: March 21, 2024, 8:11 a.m.
  • Length: 9:14
Show
View Real Time Build Order
Export as new Build Order

Archimonde Protoss - Winner!

Build Orders:  

Get SALT Encoding   

  12  0:00  Probe  
  13  0:14  Probe  
  14  0:22  Pylon  
  14  0:27  Probe  
  15  0:40  Probe  
  15  0:42  Forge  
  16  0:52  Probe  
  17  1:04  Probe  
  17  1:06  Pylon  
  18  1:17  Probe  
  19  1:33  Photon Cannon  
  19  1:42  Photon Cannon  
  18  2:09  Nexus  
  18  2:22  Gateway  
  18  2:23  Photon Cannon  
  18  2:30  Probe  
  18  2:31  Assimilator  
  19  2:41  Assimilator  
  19  2:42  Probe  
  20  2:45  Pylon  
  20  2:55  Probe  
  21  3:07  Probe  
  21  3:09  Zealot (Chrono Boost)  
  24  3:19  Probe  
  23  3:27  Probe  
  23  3:28  Cybernetics Core  
  23  3:31  Probe (Chrono Boost)  
  26  3:42  Pylon  
  26  3:43  Probe (Chrono Boost)  
  26  3:45  Probe (Chrono Boost)  
  27  3:50  Probe (Chrono Boost)  
  27  3:52  Probe (Chrono Boost)  
  31  4:03  Probe x2 (Chrono Boost)  
  31  4:07  Stalker  
  33  4:11  Probe  
  33  4:13  Probe  
  33  4:14  Twilight Council  
  35  4:23  Probe  
  36  4:25  Probe  
  36  4:28  Pylon, Warp Gate (Chrono Boost)  
  37  4:35  Probe  
  37  4:37  Probe  
  39  4:45  Photon Cannon  
  39  4:46  Shield Battery  
  39  4:47  Charge (Chrono Boost)  
  39  4:51  Photon Cannon  
  39  4:52  Probe x2  
  41  4:55  Robotics Facility, Gateway  
  41  5:01  Gateway  
  41  5:15  Shield Battery  
  41  5:17  Probe, Pylon  
  41  5:19  Probe  
  43  5:23  Protoss Ground Weapons Level 1 (Chrono Boost)  
  43  5:24  Assimilator  
  43  5:26  Assimilator  
  43  5:30  Probe  
  44  5:44  Immortal  
  48  5:51  Pylon  
  48  5:53  Probe  
  49  6:00  Probe  
  50  6:08  Probe  
  51  6:12  Gateway  
  51  6:14  Gateway  
  51  6:15  Gateway  
  51  6:16  Gateway  
  51  6:19  Gateway  
  51  6:21  Pylon  
  51  6:23  Pylon  
  51  6:25  Immortal (Chrono Boost)  
  51  6:28  Probe  
  56  6:33  Pylon  
  56  6:40  Pylon  
  56  6:55  Warp Prism (Chrono Boost)  
  58  7:08  Pylon  
  58  8:02  Zealot x3  
  58  8:03  Zealot x5  
  62  8:23  Zealot x8  
  76  8:51  Zealot x5  
  76  8:52  Zealot x3  
Show
View Real Time Build Order
Export as new Build Order

demzi Zerg 

Build Orders: Hatch First 

Get SALT Encoding   

  12  0:00  Drone  
  13  0:12  Overlord  
  13  0:17  Drone  
  14  0:25  Overlord  
  14  0:31  Drone  
  14  0:34  Drone  
  16  0:56  Hatchery  
  15  1:00  Drone  
  15  1:02  Drone  
  17  1:07  Drone  
  18  1:12  Extractor  
  17  1:27  Spawning Pool  
  17  1:28  Drone  
  17  1:32  Drone  
  18  1:41  Drone  
  19  1:53  Drone  
  20  2:02  Overlord  
  20  2:14  Zergling x4  
  22  2:22  Queen  
  24  2:25  Spine Crawler  
  24  2:26  Zergling x4  
  24  2:27  Spine Crawler  
  24  2:42  Drone  
  25  2:45  Roach Warren  
  25  2:46  Drone  
  21  3:27  Roach x2  
  21  3:28  Roach  
  21  3:33  Queen  
  29  3:51  Roach x3  
  29  3:55  Roach  
  37  3:58  Hatchery  
  36  4:10  Lair  
  36  4:14  Roach  
  38  4:19  Overlord  
  36  4:50  Hatchery  
  35  5:09  Drone x2  
  35  5:10  Glial Reconstitution  
  37  5:15  Drone x2, Evolution Chamber  
  37  5:17  Evolution Chamber  
  37  5:21  Drone x2  
  39  5:28  Drone  
  39  5:29  Drone  
  39  5:34  Drone  
  42  5:37  Drone  
  43  5:51  Queen  
  45  6:07  Drone  
  45  6:08  Drone x4  
  45  6:09  Overlord  
  50  6:19  Zerg Missile Weapons Level 1  
  50  6:21  Zerg Ground Armor Level 1  
  50  6:25  Overlord  
  50  6:39  Drone x7  
  57  6:44  Drone x2  
  57  6:45  Drone  
  60  6:48  Drone  
  60  6:53  Overlord  
  61  6:54  Overlord  
  61  7:03  Overlord x2  
  61  7:12  Roach x4  
  61  7:14  Roach  
  71  7:20  Drone  
  71  7:21  Drone x3  
  75  7:24  Extractor, Drone x2  
  75  7:25  Extractor  
  75  7:26  Drone  
  75  7:27  Drone  
  75  7:28  Drone  
  78  7:30  Drone  
  78  7:31  Drone  
  78  7:33  Drone  
  81  7:37  Drone x3  
  81  7:40  Overlord  
  81  7:43  Overlord  
  84  7:46  Overlord  
  84  7:51  Pneumatized Carapace  
  84  7:53  Drone x3  
  87  8:04  Roach  
  87  8:05  Roach x2  
  93  8:09  Hatchery  
  84  8:15  Roach  
  84  8:16  Roach x5  
  78  8:31  Zergling x2, Overlord  
  78  8:32  Zergling x18  
  65  8:47  Zergling x8  
Tags
 
Matchup
PvZ
Replay Pack
Multiplayer
Spawn Locations
Cross Positions
Add a new tag
Caveats
  • Supply blocks, unpowered buildings, or Contaminate may cause inaccurate times.
  • Supply counts are checked every 10 seconds.